 Dungeon Crawl Stone Soup version 0.24.0-13-gcf9b3192b9 (webtiles) character file.

Game seed: 4278343245408891704, levelgen mode: deterministic

132304 Lanoc the Brawler (level 16, -1/162 HPs)
             Began as a Troll Monk on Nov 10, 2019.
             Was the Champion of Cheibriados.
             Killed from afar by a fire dragon (3 damage)
             ... with a blast of flame
             ... on level 1 of the Depths.
             The game lasted 01:00:14 (21097 turns).

Lanoc the Brawler (Troll Monk)                     Turns: 21097, Time: 01:00:16

Health: -1/162     AC: 19    Str: 40    XL:     16   Next: 57%
Magic:  32/32      EV: 18    Int: 23    God:    Cheibriados [******]
Gold:   2247       SH:  0    Dex: 30    Spells: 11/15 levels left

rFire    + + +     SeeInvis .     - Unarmed
rCold    . . .     Gourm    +   K - +0 shield
rNeg     . . .     Faith    .   E - +0 fire dragon scales
rPois    +         Spirit   .   k - +2 hat {MR+}
rElec    +         Reflect  .   s - scarf {cloud immunity}
rCorr    +         Harm     .   (gloves unavailable)
MR       +++..                  (boots unavailable)
Stlth    ..........             i - amulet of regeneration
HPRegen  1.17/turn              D - ring of the Queen {MR+ MP+9 Str+2}
MPRegen  0.23/turn              v - +5 ring of protection

@: confused, resistant, very slightly contaminated, very slow
A: large, unfitting armour, claws 3, fast metabolism 3, gourmand, regeneration
1, shaggy fur 1, tough skin 3
a: Bend Time, Temporal Distortion, Slouch, Step From Time, Renounce Religion


You were on level 1 of the Depths.
You worshipped Cheibriados.
Cheibriados was exalted by your worship.
You were very full.

You visited 5 branches of the dungeon, and saw 26 of its levels.
You also visited: Gauntlet and Ice Cave.

You collected 2527 gold pieces.
You spent 280 gold pieces at shops.

Inventory:

Missiles
 j - 3 throwing nets
 l - 17 large rocks
 W - 11 curare-tipped darts (quivered)
 Y - 2 atropa-tipped darts
Armour
 k - a +2 hat of magic resistance (worn)
 s - a scarf of cloud immunity (worn)
 y - a scarf of resistance
 B - a +2 robe of cold resistance
 E - +0 fire dragon scales (worn)
 K - a +0 shield (worn)
 S - a +2 robe of magic resistance
Jewellery
 i - an amulet of regeneration (around neck)
 o - an uncursed ring of positive energy
 v - a +5 ring of protection (right claw)
 z - the ring of Etiguq {rC+ Int+3}
   (You took it off a minotaur in a Gauntlet)

   [ring of protection from cold]

   It affects your intelligence (+3).
   It protects you from cold.
 D - the ring of the Queen (left claw) {MR+ MP+9 Str+2}
   (You found it in a Gauntlet)

   [ring of magical power]

   It affects your strength (+2).
   It affects your resistance to hostile enchantments.
   It affects your magic capacity (+9).
 R - an uncursed ring of protection from fire
Wands
 m - a wand of disintegration (13)
 r - a wand of scattershot (13)
 I - a wand of iceblast (17)
 U - a wand of digging (5)
Scrolls
 c - 4 scrolls of immolation
 d - 9 scrolls of amnesia
 e - 5 scrolls of identify
 f - 9 scrolls of teleportation
 p - 8 scrolls of remove curse
 t - 4 scrolls of enchant weapon
 u - a scroll of blinking
 x - 3 scrolls of fog
 A - a scroll of holy word
 M - a scroll of summoning
 N - 3 scrolls of enchant armour
 V - 2 scrolls of magic mapping
 X - a scroll of brand weapon
Potions
 a - a potion of magic
 g - 3 potions of might
 h - 5 potions of lignification
 n - 3 potions of mutation
 q - 2 potions of brilliance
 w - 7 potions of curing
 C - 2 potions of flight
 J - a potion of cancellation
 L - a potion of resistance
 Q - 2 potions of agility
 T - a potion of invisibility
Miscellaneous
 F - a lamp of fire
 G - a phial of floods
 O - 2 boxes of beasts
Comestibles
 b - 43 rations
 H - 6 chunks of flesh


   Skills:
 + Level 11.3 Fighting
 + Level 11.3 Dodging
 - Level 1.0 Stealth
 + Level 6.5 Shields
 * Level 17.4 Unarmed Combat
 - Level 3.4 Translocations
 + Level 4.7 Transmutations
 + Level 11.3 Invocations


You had 11 spell levels left.
You knew the following spells:

 Your Spells              Type           Power        Failure   Level  Hunger
a - Apportation           Tloc           ###...       14%         1    ##.....
b - Beastly Appendage     Tmut           ###...       8%          1    ##.....
c - Sticks to Snakes      Tmut           ###.....     12%         2    ###....

Your spell library contained the following spells:

 Spells                   Type           Power        Failure   Level  Hunger
 Passwall                 Tmut/Erth      ##......     32%         2    ###....
 Animate Skeleton         Necr           N/A          50%         1    ##.....
 Confusing Touch          Hex            #.....       50%         1    ##.....
 Corona                   Hex            #......      50%         1    ##.....
 Flame Tongue             Conj/Fire      #....        50%         1    ##.....
 Sandblast                Erth           #.....       50%         1    ##.....
 Shock                    Conj/Air       #...         50%         1    ##.....
 Spider Form              Tmut/Pois      ##........   54%         3    ####...
 Corpse Rot               Necr           N/A          63%         2    ###....
 Swiftness                Chrm/Air       #.......     63%         2    ###....
 Throw Flame              Conj/Fire      #.....       63%         2    ###....
 Passage of Golubria      Tloc           N/A          80%         4    #####..
 Conjure Flame            Conj/Fire      #.......     86%         3    ####...
 Inner Flame              Hex/Fire       #.......     86%         3    ####...
 Stone Arrow              Conj/Erth      #.....       86%         3    ####...
 Ice Form                 Ice/Tmut       ##......     91%         4    #####..
 Petrify                  Tmut/Erth      ##......     91%         4    #####..
 Blade Hands              Tmut           ###.......   91%         5    ######.
 Cause Fear               Hex            #.........   99%         4    #####..
 Leda's Liquefaction      Hex/Erth       #.........   99%         4    #####..
 Sticky Flame             Conj/Fire      #.......     99%         4    #####..
 Summon Lightning Spire   Summ/Air       #.......     99%         4    #####..
 Yara's Violent Unravell  Hex/Tmut       ##........   99%         5    ######.
 Fireball                 Conj/Fire      #.........   100%        5    ######.
 Lee's Rapid Deconstruct  Erth           #.........   100%        5    ######.
 Silence                  Hex/Air        #.........   100%        5    ######.
 Summon Forest            Summ/Tloc      #.........   100%        5    ######.
 Conjure Ball Lightning   Conj/Air       #.........   100%        6    #######
 Darkness                 Hex            #.........   100%        6    #######
 Deflect Missiles         Chrm/Air       #.........   100%        6    #######
 Hydra Form               Tmut           ###.......   100%        6    #######
 Invisibility             Hex            #.......     100%        6    #######
 Summon Hydra             Summ           #.........   100%        7    #######
 Discord                  Hex            #.........   100%        8    #######
 Tornado                  Air            #.........   100%        9    #######


Dungeon Overview and Level Annotations

Branches:
Dungeon (15/15)            Temple (1/1) D:7            Lair (6/6) D:10
  Swamp (0/4) Lair:4       Spider (0/4) Lair:2        Slime (0/5) Lair:6
    Orc (2/2) D:9             Elf (0/3) Orc:2        Vaults (0/5) D:13
 Depths (2/5) D:15          IceCv (visited)         Gauntlet (visited)

Altars:
Ashenzari
Cheibriados
Elyvilon
Fedhas
Okawaru
Sif Muna
Trog
Vehumet
Xom
Zin
Jiyva

Shops:
D:5 *   D:8 }?   Orc:2 *?:!

Portals:
Hell: Depths:1
Ziggurat: Depths:1

Annotations:
D:12 1 runed translucent door


Innate Abilities, Weirdness & Mutations

You are too large for most types of armour.
You have claws for hands.
Your metabolism is lightning-fast.
You like to eat raw meat.
Your natural rate of healing is unusually fast.
You are covered in fur. (AC +1)
You have extremely tough skin. (AC +3)


Message History

You resist with almost no effort.
You scratch the great orb of eyes but do no damage.
You completely miss the great orb of eyes.
A centaur warrior comes into view.
You block the great orb of eyes's attack.
You are confused.
You feel invigorated.
The centaur warrior shouts!
You hear a shout!
You hear a deafening roar!
The centaur warrior wields a +0 longbow.
The centaur warrior shoots an arrow.
The arrow hits you!
* * * LOW HITPOINT WARNING * * *
The great orb of eyes gazes at you. You resist with almost no effort.
The centaur warrior shoots an arrow.
The arrow hits you!
* * * LOW HITPOINT WARNING * * *
The great orb of eyes gazes at you. You resist with almost no effort.
The fire dragon breathes flames at you. The blast of flame hits you.
You resist.
You die...

######..# .# #..#...# # #....##
.# #. #...#.#. # #.#..# #. .#
##.#...# ###.#.## D# #. #..#.#.
......# #. .# ###...# ###..##.
.###. # #.#.#. # #†.#D# # #.#G#
#. ##...# ###.##. .u #.#(# .##.
##.## ##..#.#.#C #@## ..... #C#
##.##T.u.. #c# .....c##.# #..####
.## #†§###
..###############################
#................................
######.#.#.................######
#..>#.................#
###.#..........∩......#
#.+.................#


You could see a fire dragon, a great orb of eyes and a centaur warrior.

Vanquished Creatures
  Frances (D:14)
  A fire giant (Depths:1)
  A frost giant (IceCv)
  3 stone giants (Depths:1)
  A minotaur (Gauntlet)
  3 ettins
  2 yaktaur captains
  4 fire dragons
  Fannar (D:10)
  A great orb of eyes (Depths:1)
  An ice dragon (Depths:1)
  The ghost of catramo the Carver, a journeyman MiFi of the Shining One (Orc:1)
  Harold (D:8)
  2 vault guards (D:13)
  7 hydras
  2 rakshasas (Depths:1)
  2 catoblepae (Lair:6)
  6 two-headed ogres
  A deep troll shaman (Depths:1)
  3 death yaks
  5 centaur warriors
  4 orc high priests
  A hell hog (Gauntlet)
  Urug (D:10)
  3 tengu warriors
  6 deep troll earth magi (Depths:1)
  Sonja (Lair:3)
  A fire crab (Lair:4)
  8 deep trolls (Depths:1)
  A glowing orange brain (Depths:1)
  4 unseen horrors
  A wizard (Depths:1)
  6 orc knights
  A wolf spider zombie (D:15)
  A manticore (D:15)
  5 orc sorcerers
  16 ugly things
  A deep elf mage (D:15)
  10 elephants
  A gargoyle (D:12)
  24 spiny frogs
  4 black mambas
  A torpor snail (Lair:3)
  9 komodo dragons
  An ice statue (IceCv)
  4 rime drakes
  2 ice devils (D:12)
  A yaktaur (D:15)
  4 tengu conjurers
  A yaktaur (shapeshifter) (D:15)
  9 meliai
  A meliai (shapeshifter) (Depths:1)
  5 trolls
  21 polar bears
  A queen bee (Gauntlet)
  2 hornets
  7 tyrant leeches
  10 hippogriffs
  20 blink frogs
  2 redbacks (Lair:2)
  A vampire (D:11)
  2 shadows
  3 wraiths
  53 yaks
  4 wyverns
  10 humans (D:13)
  3 fire bats (Gauntlet)
  The ghost of ilikeclowns the Chopper, an amateur DrGl (D:4)
  4 basilisks
  3 hungry ghosts
  10 vampire mosquitoes
  A soldier ant (D:13)
  A warg (Orc:1)
  8 porcupines
  10 water moccasins
  2 hell hounds (Gauntlet)
  2 hornet zombies
  3 ice beasts
  25 orc warriors
  2 phantoms
  2 necrophages
  6 sky beasts
  A tengu (shapeshifter) (Depths:1)
  2 eyes of draining
  47 wolves
  17 ogres
  8 centaurs
  11 crocodiles
  2 big kobolds
  A gnoll sergeant (D:8)
  28 bullfrogs
  2 wyvern zombies
  A wyvern skeleton (D:12)
  4 scorpions
  10 killer bees
  7 wights
  5 howler monkeys
  An electric eel (Lair:4)
  5 jellies
  4 bullfrog zombies
  4 centaur zombies
  8 crimson imps
  22 orc priests
  6 centaur skeletons
  5 hounds
  2 bullfrog skeletons
  21 orc wizards
  A gnoll shaman (Orc:2)
  4 iguanas
  5 worker ants
  A killer bee zombie (D:6)
  A hound zombie (D:10)
  A howler monkey zombie (D:5)
  9 gnolls
  17 adders
  4 shadow imps
  7 oozes
  An adder zombie (D:7)
  2 worms
  2 leopard geckos
  76 orcs
  A giant cockroach (D:2)
  A hobgoblin (D:3)
  6 jackals
  2 quokkas
  A ball python (D:3)
  2 bats
  2 frilled lizards
  9 goblins
  18 kobolds
  A leopard gecko skeleton (D:4)
  A quokka zombie (D:6)
  2 bushes (Lair:5)
  5 plants
812 creatures vanquished.

Vanquished Creatures (others)
  A bush (Lair:6)
  35 fungi
  67 plants
103 creatures vanquished.

Grand Total: 915 creatures vanquished

Notes
Turn   | Place    | Note
-------+----------+-------------------------------------------
     0 | D:1      | Lanoc the Troll Monk began the quest for the Orb.
     0 | D:1      | Reached XP level 1. HP: 22/22 MP: 0/0
    41 | D:1      | You fall into a shaft and drop 1 floor!
    50 | D:2      | Reached XP level 2. HP: 19/29 MP: 1/1
   111 | D:2      | Reached XP level 3. HP: 33/36 MP: 2/2
   313 | D:3      | Reached skill level 4 in Unarmed Combat
   313 | D:3      | Reached XP level 4. HP: 44/44 MP: 3/3
   446 | D:3      | Found a faded altar of an unknown god.
   455 | D:3      | Became a worshipper of Cheibriados the Contemplative
   455 | D:3      | Reached * piety under Cheibriados
   455 | D:3      | Reached ** piety under Cheibriados
   576 | D:3      | Reached *** piety under Cheibriados
   907 | D:4      | Reached XP level 5. HP: 53/53 MP: 4/4
   913 | D:4      | Identified Rites and Rhymes, Part One
   918 | D:4      | Learned a level 1 spell: Apportation
  1014 | D:4      | Reached skill level 5 in Unarmed Combat
  1231 | D:4      | Found a runed translucent door.
  1238 | D:4      | Noticed ilikeclowns's ghost (amateur DrGl)
  1459 | D:4      | Reached XP level 6. HP: 61/61 MP: 5/5
  1470 | D:4      | Killed ilikeclowns's ghost
  1510 | D:5      | Entered Level 5 of the Dungeon
  1518 | D:5      | Noticed an ice beast
  1519 | D:5      | Reached skill level 6 in Unarmed Combat
  1522 | D:5      | Reached XP level 7. HP: 63/68 MP: 6/6
  1684 | D:5      | Found Doech's General Store.
  1691 | D:5      | Bought a scroll of teleportation for 42 gold pieces
  1738 | D:5      | Found an iron altar of Okawaru.
  1751 | D:5      | Reached **** piety under Cheibriados
  1900 | D:5      | Found a shimmering blue altar of Sif Muna.
  1904 | D:5      | Reached skill level 7 in Unarmed Combat
  1989 | D:5      | Reached skill level 1 in Invocations
  1989 | D:5      | Reached XP level 8. HP: 78/79 MP: 7/7
  2527 | D:6      | Reached skill level 8 in Unarmed Combat
  2546 | D:6      | Found a radiant altar of Vehumet.
  2584 | D:6      | Got a blackened dagger
  2585 | D:6      | Identified the +4 dagger "Idonn" {speed, +Inv rPois rC-}
                  | (You found it on level 6 of the Dungeon)
  2648 | D:6      | Reached skill level 5 in Fighting
  2648 | D:6      | Reached skill level 5 in Dodging
  3418 | D:7      | Found a staircase to the Ecumenical Temple.
  3430 | Temple   | Entered the Ecumenical Temple
  3639 | D:7      | Reached XP level 9. HP: 77/88 MP: 10/10
  3944 | D:7      | Reached ***** piety under Cheibriados
  4140 | D:8      | Found Miypyluh's Gadget Boutique.
  4273 | D:8      | Found a blossoming altar of Fedhas.
  4274 | D:8      | Reached skill level 9 in Unarmed Combat
  4367 | D:8      | Found a glowing silver altar of Zin.
  4523 | D:8      | Found Voalawol's Magic Scroll Shop.
  4531 | D:8      | Bought a scroll of blinking for 105 gold pieces
  4531 | D:8      | Bought a scroll of fog for 28 gold pieces
  4531 | D:8      | Bought a scroll of blinking for 105 gold pieces
  4717 | D:8      | Noticed Harold
  4729 | D:8      | Killed Harold
  4729 | D:8      | Reached skill level 10 in Unarmed Combat
  4816 | D:8      | Reached XP level 10. HP: 94/98 MP: 12/12
  5068 | D:9      | Found a staircase to the Orcish Mines.
  5261 | D:9      | Reached skill level 5 in Invocations
  5351 | D:9      | Reached ****** piety under Cheibriados
  5383 | D:9      | Noticed a two-headed ogre
  5394 | D:9      | Killed a two-headed ogre
  5394 | D:9      | Reached skill level 11 in Unarmed Combat
  5588 | D:9      | Found a white marble altar of Elyvilon.
  5717 | D:10     | Entered Level 10 of the Dungeon
  5865 | D:10     | Noticed Fannar
  5873 | D:10     | Killed Fannar
  5873 | D:10     | Reached XP level 11. HP: 95/109 MP: 14/14
  6005 | D:10     | Found a staircase to the Lair.
  6006 | D:10     | Noticed Urug
  6308 | D:10     | Killed Urug
  6356 | D:11     | Found a gate leading to a gauntlet.
  6359 | Gauntlet | Entered a Gauntlet
  6359 | Gauntlet | Found a transporter.
  6359 | Gauntlet | Found a transporter.
  6377 | Gauntlet | Found a transporter.
  6381 | Gauntlet | Found a transporter.
  6389 | Gauntlet | Found a transporter.
  6393 | Gauntlet | Found a transporter.
  6396 | Gauntlet | Noticed a hell hog
  6400 | Gauntlet | Found a runed translucent door.
  6403 | Gauntlet | Found a transporter.
  6414 | Gauntlet | Noticed a cacodemon
  6417 | Gauntlet | Found a transporter.
  6431 | Gauntlet | Found a transporter.
  6435 | Gauntlet | Found a transporter.
  6443 | Gauntlet | Found a transporter.
  6447 | Gauntlet | Found a transporter.
  6471 | Gauntlet | Noticed a tengu warrior
  6477 | Gauntlet | Noticed a queen ant
  6495 | Gauntlet | Killed a tengu warrior
  6655 | Gauntlet | Killed a hell hog
  6655 | Gauntlet | Reached skill level 12 in Unarmed Combat
  6824 | Gauntlet | Identified the ring of Etiguq {rC+ Int+3}
  6824 | Gauntlet | Noticed a minotaur
  6840 | Gauntlet | Killed a minotaur
  6849 | Gauntlet | Got a coiled silver ring
  6856 | Gauntlet | Identified the ring of the Queen {MR+ MP+9 Str+2} (You
                  | found it in a Gauntlet)
  6952 | D:11     | Found a blossoming altar of Fedhas.
  7039 | D:11     | Noticed a red ugly thing
  7042 | D:11     | Noticed a brown ugly thing
  7142 | D:11     | Killed a red ugly thing
  7147 | D:11     | Killed a brown ugly thing
  7291 | D:11     | Reached XP level 12. HP: 92/119 MP: 16/16
  7741 | D:12     | Found a frozen archway.
  7750 | D:12     | Reached skill level 13 in Unarmed Combat
  7787 | IceCv    | Entered an ice cave
  8322 | IceCv    | Noticed a frost giant
  8329 | IceCv    | Killed a frost giant
  8336 | IceCv    | Reached skill level 14 in Unarmed Combat
  8364 | IceCv    | Got a wavering copper ring
  8607 | IceCv    | Identified the ring of Perfectionism {Ice Int+3} (You found
                  | it in an ice cave)
  8826 | D:12     | Reached XP level 13. HP: 131/131 MP: 18/18
  8832 | D:12     | Found a runed translucent door.
  8832 | D:12     | Noticed a sphinx
  8833 | D:12     | Identified the ring of the Slug {rElec rF+ rC+ MR+}
  8953 | D:12     | Found a shattered altar of Ashenzari.
  9196 | D:12     | Noticed an acid blob
  9451 | D:12     | Noticed an iron giant
  9531 | D:12     | Learned a level 1 spell: Beastly Appendage
  9534 | D:12     | Learned a level 2 spell: Sticks to Snakes
  9835 | D:13     | Reached skill level 1 in Translocations
  9897 | D:13     | Found a gate to the Vaults.
 10051 | D:13     | You fall into a shaft and drop 2 floors!
 10051 | D:15     | Entered Level 15 of the Dungeon
 10056 | D:15     | Identified a scroll of acquirement
 10404 | D:15     | Found a shimmering altar of Xom.
 10408 | D:15     | Reached skill level 1 in Shields
 10893 | D:15     | Reached skill level 15 in Unarmed Combat
 11079 | D:15     | Found a staircase to the Depths.
 11349 | D:14     | Noticed Frances
 11362 | D:14     | Killed Frances
 11626 | D:14     | Reached XP level 14. HP: 121/141 MP: 20/20
 12908 | Orc:1    | Entered Level 1 of the Orcish Mines
 12917 | D:9      | Reached skill level 10 in Fighting
 13040 | D:9      | Reached skill level 10 in Dodging
 13128 | Orc:1    | Found a bloodstained altar of Trog.
 13242 | Orc:2    | Entered Level 2 of the Orcish Mines
 13583 | Orc:2    | Reached skill level 1 in Transmutations
 13814 | Orc:2    | Found a staircase to the Elven Halls.
 14139 | Orc:2    | Reached skill level 10 in Invocations
 14279 | Orc:2    | Found Umisau's Distillery.
 14302 | Orc:2    | Found Ybrog's Magic Scroll Shoppe.
 14308 | Orc:2    | Found Gyomn's General Store.
 14310 | Orc:2    | Found Ocrukly's Book Shop.
 14693 | Orc:1    | Found a runed translucent door.
 14797 | Orc:1    | Noticed catramo's ghost (journeyman MiFi)
 14812 | Orc:1    | Killed catramo's ghost
 14892 | Lair:1   | Entered Level 1 of the Lair of Beasts
 15504 | Lair:2   | Found a hole to the Spider Nest.
 15819 | Lair:2   | Reached skill level 16 in Unarmed Combat
 15909 | Lair:2   | Reached XP level 15. HP: 115/152 MP: 21/21
 16661 | Lair:3   | Noticed Sonja
 16670 | Lair:3   | Killed Sonja
 17421 | Lair:4   | Found a staircase to the Swamp.
 17486 | Lair:4   | You fall into a shaft and drop 2 floors!
 17486 | Lair:6   | Entered Level 6 of the Lair of Beasts
 17486 | Lair:6   | Found a staircase to the Slime Pits.
 17486 | Lair:6   | Found a viscous altar of Jiyva.
 17667 | Lair:6   | Reached skill level 5 in Shields
 19595 | Lair:4   | Reached XP level 16. HP: 103/162 MP: 23/23
 20161 | Depths:1 | Entered Level 1 of the Depths
 20187 | Depths:1 | Found a gateway to a ziggurat.
 20208 | Depths:1 | Reached skill level 17 in Unarmed Combat
 20235 | D:15     | HP: 7/162 [fire dragon (5)]
 20486 | Depths:1 | Found a gateway to Hell.
 21097 | Depths:1 | HP: 2/162 [centaur warrior/arrow (17)]
 21097 | Depths:1 | Killed from afar by a fire dragon

Levels and vault maps discovered:
D:1:      dpeg_arrival_court, layout_loops_ring, minmay_pentomino_z2
D:2:      layout_basic
D:3:      layout_loops_ring, chequers_ecumenical_altar_lobes
D:4:      layout_loops_ring, ebering_ghost_sewer_d
D:5:      layout_loops_corners, kennysheep_okawaru_gauntlet,
          kennysheep_little_box, first_ration, serial_shops, shop
D:6:      layout_layer_cave, kennysheep_mini_moat
D:7:      layout_loops_corners, minmay_temple_entry_overgrown
D:8:      layout_loops_cross, old_standard_altar, old_standard_altar,
          serial_shops, shop_statue, nicolae_shop_statue_plus,
          hangedman_little_slice_of_home, uniq_harold
D:9:      layout_rooms, kennysheep_mini, orc_0_dummy
D:10:     layout_basic, lair_entry_dummy, uniq_fannar, uniq_urug
D:11:     layout_roguey, gauntlet_entry_generic, grunt_decor_arrowhead,
          grunt_ministairs_6, fedhas_bush_and_centaur_altar
D:12:     layout_stronghold, basic_altar, portal_ice_cave_demonic_guard,
          minmay_st_funbox, due_unseen_surprise
D:13:     layout_loops_cross, ximxim_vaults_locker_room,
          chequers_serial_rivers_small_a
D:14:     layout_loops_cross, serial_park_tiny_1, uniq_frances
D:15:     grunt_enter_depths_snipers, layout_grid_maze, lemuel_tele_altar
Temple:   regret_index_temple_sphere_string
Lair:1:   layout_gridlike
Lair:2:   minmay_lair_venomous_thicket, layout_hall_layers,
          spider_nest_entry_webs, grunt_megastairs_2
Lair:3:   layout_regular_city, grunt_forest_large_clearings, uniq_sonja
Lair:4:   layout_roguey, minmay_swamp_entry_worms, minivault_11,
          infiniplex_staircase_pool, serial_bayou_shore_b
Lair:5:   layout_big_grid, wad_woods_06
Lair:6:   minmay_lair_end_frog_pond, layout_gridlike, slime_altar_1,
          nicolae_lair_yak_garden
Orc:1:    layout_caves, ebering_ghost_reflecting_pool, basic_altar
Orc:2:    st_orc_elflike, layout_caves
Depths:1: minmay_the_grid_triangle_9x9_recursive_3
          [minmay_the_grid_triangle_9x9_subtriangle,
          minmay_the_grid_triangle_9x9_cache,
          minmay_the_grid_triangle_9x9_odd_lines,
          minmay_the_grid_triangle_9x9_prize_insulated,
          minmay_the_grid_triangle_9x9_zippers_vertical,
          minmay_the_grid_triangle_9x9_pentomino_pain,
          minmay_the_grid_triangle_9x9_windchime,
          minmay_the_grid_triangle_9x9_sparse_checkered,
          minmay_the_grid_triangle_9x9_alien], layout_gridlike,
          enter_ziggurat_d, hell_entry, minmay_misc_feat_cross,
          grunt_decor_mini_mirrors, pandoras_box_mu
Depths:2: nicolae_whirlpool, layout_basic, pf_hell_entry_tar_river,
          dk_noncrumbling_2

Skill      XL: |  1  2  3  4  5  6  7  8  9 10 11 12 13 14 15 16 |
---------------+-------------------------------------------------+-----
Unarmed Combat | 4 5 6 7 8 10 11 12 14 15 16 17 | 17.4
Fighting       | 3 4 5 6 7 8 9 10 11 | 11.3
Dodging        | 3 4 5 6 7 8 9 10 11 | 11.3
Invocations    | 1 2 4 5 7 8 9 10 11 | 11.3
Translocations | 2 3 |  3.4
Shields        | 2 4 5 6 |  6.5
Transmutations | 2 3 4 |  4.7
Stealth        | |  1.0

Action                   |  1- 3 |  4- 6 |  7- 9 | 10-12 | 13-15 | 16-18 || total
-------------------------+-------+-------+-------+-------+-------+-------++-------
Melee: Unarmed           |    51 |    79 |   195 |   578 |  1264 |   221 ||  2388
       Punch             |     2 |     4 |     8 |    57 |    15 |       ||    86
       Kick              |       |       |       |       |    10 |       ||    10
Throw: Dart              |       |       |     4 |       |     9 |       ||    13
 Cast: Beastly Appendage |       |       |       |       |     1 |       ||     1
Evoke: Wand              |       |       |       |       |     1 |     1 ||     2
  Use: Scroll            |       |       |     9 |    11 |    14 |     3 ||    37
       Potion            |       |       |       |     4 |     2 |     3 ||     9
 Stab: Sleeping          |     1 |     1 |     5 |     4 |    18 |     1 ||    30
       Distracted        |       |       |       |     7 |     1 |       ||     8
       Petrifying        |       |       |       |       |     1 |       ||     1
       Petrified         |       |       |       |       |     1 |       ||     1
  Eat: Chunk             |     7 |     9 |    23 |    26 |    82 |    13 ||   160
Armor: Robe              |    21 |    13 |    70 |   156 |   285 |     6 ||   551
       Fire dragon scale |       |       |       |       |       |    50 ||    50
Dodge: Dodged            |    28 |    40 |   134 |   510 |   904 |   111 ||  1727
Block: Shield            |       |       |       |       |   824 |   114 ||   938
